Map: Eternal Empire LE

Players

PtitDrogo - Winner!

  • Race: Protoss Protoss
  • League: Grandmaster
  • Spawn Location: 7:00

KingCobra

  • Race: Protoss Protoss
  • Spawn Location: 1:00

Event: DreamHack SC2 Masters 2020 Fall

VOD

Have the link to the VOD?

Description

Time

  • Played on: Aug. 26, 2020, 11:17 a.m.
  • Length: 8:49

All games in this series

Show
View Real Time Build Order
Export as new Build Order

PtitDrogo Protoss - Winner!

Build Orders:  

Get SALT Encoding   

  12  0:00  Probe  
  13  0:12  Probe  
  14  0:17  Pylon  
  14  0:24  Probe (Chrono Boost)  
  15  0:36  Probe (Chrono Boost)  
  15  0:37  Gateway  
  16  0:44  Probe (Chrono Boost)  
  16  0:46  Assimilator  
  17  0:51  Probe  
  17  0:55  Assimilator  
  18  1:03  Probe  
  19  1:12  Gateway  
  19  1:15  Probe  
  20  1:25  Cybernetics Core  
  20  1:28  Probe  
  21  1:37  Pylon  
  21  1:40  Probe  
  22  1:52  Probe  
  23  2:00  Warp Gate (Chrono Boost)  
  23  2:02  Adept x2  
  27  2:11  Pylon, Probe  
  28  2:27  Pylon  
  28  2:32  Adept x2  
  32  2:46  Nexus  
  32  2:48  Probe  
  33  3:02  Adept x2  
  33  3:04  Probe  
  38  3:12  Pylon  
  38  3:19  Shield Battery  
  36  3:21  Probe  
  37  3:33  Probe  
  38  3:40  Adept x2  
  42  3:45  Probe  
  43  3:59  Probe x2 (Chrono Boost)  
  43  4:01  Stalker x2  
  51  4:11  Probe x2 (Chrono Boost)  
  51  4:16  Probe (Chrono Boost)  
  51  4:17  Probe (Chrono Boost)  
  51  4:25  Twilight Council, Probe (Chrono Boost)  
  51  4:29  Probe (Chrono Boost)  
  51  4:35  Stalker x2  
  51  4:37  Probe (Chrono Boost)  
  56  4:42  Probe (Chrono Boost)  
  56  4:43  Probe (Chrono Boost)  
  58  4:50  Probe  
  57  5:02  Blink (Chrono Boost), Probe x2  
  55  5:07  Stalker x2  
  55  5:11  Nexus  
  54  5:14  Probe  
  54  5:17  Assimilator  
  54  5:18  Assimilator  
  54  5:19  Probe  
  56  5:31  Stalker x2  
  60  5:36  Probe  
  62  5:44  Robotics Facility  
  62  5:45  Forge  
  62  5:46  Pylon  
  61  5:51  Gateway x2  
  61  5:55  Gateway  
  61  6:01  Gateway  
  61  6:02  Probe  
  62  6:05  Sentry x2  
  62  6:10  Probe  
  67  6:15  Protoss Ground Weapons Level 1 (Chrono Boost), Probe  
  68  6:22  Probe  
  68  6:23  Probe  
  70  6:26  Observer  
  70  6:27  Probe  
  70  6:28  Stalker x2  
  70  6:32  Pylon  
  76  6:34  Probe  
  76  6:35  Probe  
  76  6:39  Probe  
  79  6:44  Charge (Chrono Boost)  
  79  6:46  Probe  
  80  6:47  Templar Archives, Probe  
  80  6:49  Warp Prism  
  83  7:01  Stalker x3  
  83  7:03  Probe x2  
  83  7:04  Probe  
  83  7:07  Pylon  
  92  7:09  Pylon  
  92  7:18  Pylon  
  92  7:23  Gateway x2  
  92  7:26  Gateway  
  95  7:33  Pylon  
  92  7:39  Zealot x6  
  104  7:48  Pylon  
  104  7:50  Probe x3  
  107  7:51  Assimilator  
  107  7:55  Assimilator  
  107  8:03  High Templar  
  107  8:04  High Templar x3  
  115  8:06  High Templar  
  115  8:07  High Templar  
  115  8:08  Archon  
  115  8:09  Archon  
  119  8:12  Archon  
  119  8:16  Pylon  
  119  8:18  Zealot x2  
  123  8:22  Zealot, Pylon  
  117  8:38  Stalker x5  
  117  8:39  Zealot x2  
  107  8:43  Stalker x2  
Show
View Real Time Build Order
Export as new Build Order

KingCobra Protoss 

Build Orders: Phoenix Opening 

Get SALT Encoding   

  12  0:00  Probe  
  13  0:12  Probe  
  14  0:18  Pylon  
  14  0:24  Probe (Chrono Boost)  
  15  0:37  Probe (Chrono Boost)  
  15  0:38  Gateway  
  16  0:45  Probe (Chrono Boost)  
  16  0:49  Assimilator  
  17  0:51  Probe  
  18  1:03  Pylon  
  18  1:07  Assimilator  
  18  1:08  Probe (Chrono Boost)  
  19  1:17  Probe (Chrono Boost)  
  20  1:22  Gateway, Probe (Chrono Boost)  
  21  1:31  Cybernetics Core  
  21  1:34  Probe  
  22  1:43  Pylon  
  22  1:46  Probe  
  23  2:01  Probe  
  24  2:09  Sentry, Warp Gate, Stalker  
  24  2:13  Probe  
  29  2:33  Pylon  
  28  2:37  Stargate  
  28  2:58  Nexus  
  28  3:04  Stalker  
  30  3:08  Pylon  
  29  3:16  Probe  
  30  3:20  Phoenix (Chrono Boost)  
  32  3:28  Probe  
  32  3:31  Pylon  
  33  3:40  Phoenix (Chrono Boost), Probe  
  36  3:52  Shield Battery  
  36  3:53  Probe  
  37  3:58  Void Ray (Chrono Boost)  
  39  4:09  Gateway  
  41  4:24  Probe x2  
  41  4:27  Stalker x2  
  47  4:39  Probe x2  
  48  4:48  Pylon  
  48  4:53  Robotics Facility  
  48  4:55  Pylon  
  48  5:04  Phoenix  
  48  5:05  Probe x2 (Chrono Boost)  
  51  5:17  Probe x2 (Chrono Boost)  
  53  5:24  Probe x2 (Chrono Boost)  
  55  5:31  Probe (Chrono Boost)  
  55  5:35  Probe (Chrono Boost)  
  58  5:43  Probe (Chrono Boost)  
  58  5:47  Observer (Chrono Boost), Probe (Chrono Boost)  
  58  5:48  Probe (Chrono Boost)  
  58  5:49  Nexus  
  61  5:55  Probe  
  62  6:00  Pylon  
  62  6:04  Assimilator  
  62  6:07  Assimilator  
  62  6:09  Robotics Facility  
  62  6:10  Robotics Bay  
  62  6:17  Immortal (Chrono Boost)  
  62  6:18  Probe  
  63  6:19  Forge  
  63  6:23  Probe  
  68  6:30  Probe  
  69  6:35  Probe  
  69  6:38  Shield Battery  
  70  6:41  Pylon  
  70  6:43  Pylon  
  70  6:48  Observer  
  70  6:55  Probe  
  70  6:56  Immortal (Chrono Boost)  
  78  7:02  Observer  
  78  7:03  Probe x2  
  78  7:06  Immortal (Chrono Boost)  
  78  7:08  Shield Battery  
  80  7:10  Pylon  
  80  7:16  Probe x3  
  80  7:19  Pylon  
  83  7:29  Disruptor (Chrono Boost)  
  86  7:31  Disruptor (Chrono Boost)  
  86  7:34  Shield Battery, Probe x2  
  91  7:38  Zealot x2  
  91  7:41  Phoenix  
  91  7:42  Observer  
  91  7:43  Pylon  
  97  7:48  Shield Battery  
  97  7:55  Disruptor (Chrono Boost)  
  102  8:02  Disruptor (Chrono Boost)  
  102  8:06  Zealot x2  
  102  8:08  Probe x2  
  102  8:10  Phoenix  
  102  8:11  Probe  
  111  8:20  Probe  
  111  8:26  Photon Cannon x2  
  111  8:28  Photon Cannon  
  111  8:30  Photon Cannon  

Tags
 
Add a new tag
Caveats
  • Supply blocks, unpowered buildings, or Contaminate may cause inaccurate times.
  • Supply counts are checked every 10 seconds.